 Dungeon Crawl Stone Soup version 0.30.1-9-gdf580d7c3d (webtiles) character file.

Game seed: 17687251686242706425

997280 Ivernyr the Axe Maniac (level 27, -16/249 HPs)
             Began as a Formicid Fighter on Sept 30, 2023.
             Was a High Priest of Wu Jian.
             Killed from afar by a Brimstone Fiend (46 damage)
             ... with damnation
             ... in Pandemonium on Oct 3, 2023.
             The game lasted 08:19:23 (90573 turns).

Ivernyr the Axe Maniac (Formicid Fighter)          Turns: 90573, Time: 08:19:24

Health: -16/249    AC: 37    Str: 38    XL:     27
Magic:  37/45      EV: 41    Int:  9    God:    Wu Jian [*****.]
Gold:   7230       SH: 21    Dex: 20    Spells: 55/55 levels left

rFire   + + +        G - +9 great mace (holy)
rCold   + + +        x - +2 shield of Resistance {rF++ rC++ Will++}
rNeg    + + +        X - +2 storm dragon scales
rPois   +            (helmet unavailable)
rElec   +            O - +1 cloak of Apuxke {*Slow rCorr Str+4 Dex+4}
rCorr   +            J - +2 pair of gloves {Stlth+}
SInv    +            y - +2 pair of boots
Will    +++++        b - amulet of Peek {rPois rC+ Regen+ Stlth+}
Stlth   +++          Y - ring "Ustruixi" {*Corrode rN++ EV+5 Dex+3 Stlth+}
HPRegen 1.41/turn    d - ring of Xocairphebb {*Corrode rC+ rN++ Will+}
MPRegen 0.29/turn

%: corrode self (6%), slow self (1%)
@: exhausted, in a heavenly storm, glowing, unable to drink
A: permanent stasis, dig shafts and tunnels, antennae 3, four strong arms,
iridescent scales 1, fire resistance 1, high MP 1, inability to drink after
injury 2, MP-powered wands
}: 7/15 runes: decaying, serpentine, slimy, silver, obsidian, bone, abyssal
a: Dig, Renounce Religion, Wall Jump, Serpent's Lash, Heavenly Storm


You were in Pandemonium.
You worshipped Wu Jian.
Wu Jian was extremely pleased with you.
You visited 17 branches of the dungeon, and saw 77 of its levels.
You visited Pandemonium 1 time, and saw 9 of its levels.
You visited the Abyss 15 times.
You also visited: Bailey and Gauntlet.

You collected 12549 gold pieces.
You spent 5319 gold pieces at shops.

Inventory:

Hand Weapons
 r - the +8 frozen axe "Frostbite" {freeze, freezing cloud, *Noise Fly rC+}
   (You bought it in a shop on level 2 of the Dungeon)

   rC:        It protects you from cold.
   Fly:       It grants you flight.
   *Noise:    It may make noises in combat.
 G - a +9 great mace of holy wrath (weapon)
Missiles
 q - 10 throwing nets
Armour
 x - the +2 shield of Resistance (worn) {rF++ rC++ Will++}
   (You acquired it in Pandemonium)

   rF:        It greatly protects you from fire.
   rC:        It greatly protects you from cold.
   Will:      It greatly increases your willpower.
 y - a +2 pair of boots (worn)
 A - +3 gold dragon scales
 J - a +2 pair of gloves of stealth (worn)
 O - the +1 cloak of Apuxke (worn) {*Slow rCorr Str+4 Dex+4}
   (You bought it in a shop on level 1 of the Orcish Mines)

   Str:       It affects your strength (+4).
   Dex:       It affects your dexterity (+4).
   rCorr:     It protects you from acid and corrosion.
   *Slow:     It may slow you when you take damage.
 X - +2 storm dragon scales (worn)
Jewellery
 a - a ring of willpower
 b - the amulet of Peek (around neck) {rPois rC+ Regen+ Stlth+}
   (You bought it in a shop on level 2 of the Orcish Mines)

   [amulet of regeneration]

   rC:        It protects you from cold.
   rPois:     It protects you from poison.
   Regen:     It increases your rate of health regeneration.
   Stlth:     It makes you more stealthy.
 d - the ring of Xocairphebb (right hand) {*Corrode rC+ rN++ Will+}
   (You bought it in a shop on level 1 of the Snake Pit)

   [ring of protection from cold]

   rC:        It protects you from cold.
   rN:        It greatly protects you from negative energy.
   *Corrode:  It may corrode you when you take damage.
   Will:      It increases your willpower.
 j - a +5 ring of evasion
 z - a ring of poison resistance
 B - the ring "Jukkunarph" {Fly rF+ Str+2}
   (You took it off a deep elf demonologist on level 3 of the Elven Halls)

   [ring of flight]

   Str:       It affects your strength (+2).
   rF:        It protects you from fire.
   Fly:       It grants you flight.
 E - the ring "Poafiol" {rF+ rN+ Dex+3}
   (You found it in Pandemonium)

   [ring of positive energy]

   Dex:       It affects your dexterity (+3).
   rF:        It protects you from fire.
   rN:        It protects you from negative energy.
 L - a ring of protection from cold
 T - a ring of protection from fire
 Y - the ring "Ustruixi" (left hand) {*Corrode rN++ EV+5 Dex+3 Stlth+}
   (You took it off a skeletal warrior on level 3 of the Crypt)

   [ring of evasion]

   EV:        It affects your evasion (+5).
   Dex:       It affects your dexterity (+3).
   rN:        It greatly protects you from negative energy.
   *Corrode:  It may corrode you when you take damage.
   Stlth:     It makes you more stealthy.
 Z - the ring of the Tortoise {AC+8}
   (You bought it in a shop on level 2 of the Orcish Mines)

   [ring of protection]

   AC:        It affects your AC (+8).
Wands
 o - a wand of digging (43)
 s - a wand of roots (5)
 w - a wand of light (10)
 I - a wand of polymorph (58) (quivered)
Scrolls
 c - 39 scrolls of identify
 e - 9 scrolls of brand weapon
 f - 14 scrolls of poison
 k - 8 scrolls of fear
 u - 19 scrolls of fog
 K - a scroll of enchant weapon
 M - 15 scrolls of amnesia
 P - 7 scrolls of magic mapping
 R - a scroll of butterflies
 U - a scroll of silence
Potions
 g - 19 potions of flight
 h - 4 potions of heal wounds
 i - 36 potions of curing
 l - 9 potions of lignification
 m - 7 potions of mutation
 n - 9 potions of ambrosia
 p - 2 potions of resistance
 v - 5 potions of might
 C - a potion of magic
 D - a potion of cancellation
 F - 7 potions of attraction
 S - 10 potions of brilliance
 V - 2 potions of invisibility


   Skills:
 O Level 27 Fighting
 O Level 27 Axes
 O Level 27 Maces & Flails
 O Level 27 Armour
 O Level 27 Dodging
 + Level 14.7 Stealth
 O Level 27 Shields
 - Level 14.7 Spellcasting


You had 55 spell levels left.
You didn't know any spells.
Your spell library contained the following spells:

 Spells                   Type           Power      Damage    Failure   Level
 Apportation              Tloc           12%        N/A       16%         1
 Beastly Appendage        Tmut           12%        N/A       16%         1
 Foxfire                  Conj/Fire      24%        2x1d5     16%         1
 Freeze                   Ice            24%        1d4       16%         1
 Kiss of Death            Conj/Necr      24%        2d7       16%         1
 Magic Dart               Conj           24%        1d4       16%         1
 Necrotise                Necr           24%        1d5       16%         1
 Sandblast                Erth           12%        2d6       16%         1
 Shock                    Conj/Air       24%        1d4       16%         1
 Sting                    Tmut/Pois      24%        1d4       16%         1
 Summon Small Mammal      Summ           24%        N/A       16%         1
 Cigotuvi's Dreadful Rot  Necr/Pois/Air  12%        N/A       24%         2
 Ensorcelled Hibernation  Hex/Ice        12%        N/A       24%         2
 Lesser Beckoning         Tloc           12%        N/A       24%         2
 Momentum Strike          Conj/Tloc      12%        3d8       24%         2
 Passwall                 Tmut/Erth      5%         N/A       24%         2
 Poisonous Vapours        Pois/Air       12%        N/A       24%         2
 Scorch                   Fire           12%        2d6       24%         2
 Searing Ray              Conj           12%        2d4       24%         2
 Wereblood                Tmut           6%         N/A       24%         2
 Call Canine Familiar     Summ           6%         N/A       43%         3
 Confusing Touch          Hex            6%         N/A       43%         3
 Dazzling Flash           Conj/Hex       12%        N/A       43%         3
 Frozen Ramparts          Ice            12%        1d2       43%         3
 Gell's Gravitas          Tloc           6%         N/A       43%         3
 Ignite Poison            Fire/Tmut/Pois 6%         N/A       43%         3
 Inner Flame              Hex/Fire       6%         N/A       43%         3
 Ozocubu's Armour         Ice            6%         N/A       43%         3
 Portal Projectile        Hex/Tloc       12%        N/A       43%         3
 Spider Form              Tmut/Pois      6%         N/A       43%         3
 Stone Arrow              Conj/Erth      12%        3d7       43%         3
 Summon Guardian Golem    Hex/Summ       6%         N/A       43%         3
 Teleport Other           Tloc           6%         N/A       43%         3
 Tukima's Dance           Hex            6%         N/A       43%         3
 Vampiric Draining        Necr           6%         2d6       43%         3
 Volatile Blastmotes      Fire/Tloc      12%        2d11      43%         3
 Airstrike                Air            3%         2d(1-17)  83%         4
 Anguish                  Hex/Necr       3%         N/A       83%         4
 Animate Armour           Summ/Erth      12%        N/A       83%         4
 Animate Dead             Necr           6%         N/A       83%         4
 Cause Fear               Hex            3%         N/A       83%         4
 Dispel Undead            Necr           6%         3d8       83%         4
 Flame Wave               Conj/Fire      6%         2d5       83%         4
 Fulminant Prism          Conj/Hex       3%         3d5       83%         4
 Ice Form                 Ice/Tmut       6%         N/A       83%         4
 Iskenderun's Mystic Bla  Conj/Tloc      6%         2d4       83%         4
 Leda's Liquefaction      Hex/Erth       3%         N/A       83%         4
 Olgreb's Toxic Radiance  Pois           6%         N/A       83%         4
 Passage of Golubria      Tloc           6%         N/A       83%         4
 Petrify                  Tmut/Erth      6%         N/A       83%         4
 Sticky Flame             Conj/Fire      6%         2d3       83%         4
 Summon Ice Beast         Ice/Summ       6%         N/A       83%         4
 Summon Lightning Spire   Summ/Air       6%         N/A       83%         4
 Agony                    Necr           6%         N/A       99%         5
 Alistair's Intoxication  Tmut/Pois      4%         N/A       99%         5
 Blade Hands              Tmut           3%         N/A       99%         5
 Borgnjor's Vile Clutch   Necr/Erth      3%         N/A       99%         5
 Fireball                 Conj/Fire      3%         3d4       99%         5
 Freezing Cloud           Conj/Ice/Air   3%         6-21      99%         5
 Iskenderun's Battlesphe  Conj           6%         2d6       99%         5
 Lee's Rapid Deconstruct  Erth           3%         3d5*      99%         5
 Metabolic Englaciation   Hex/Ice        3%         N/A       99%         5
 Silence                  Hex/Air        3%         N/A       99%         5
 Summon Forest            Summ/Tloc      3%         N/A       99%         5
 Yara's Violent Unravell  Hex/Tmut       3%         3d4       99%         5
 Conjure Ball Lightning   Conj/Air       3%         3x3d6     100%        6
 Dispersal                Tloc           3%         N/A       100%        6
 Eringya's Noxious Bog    Tmut/Pois      3%         N/A       100%        6
 Iron Shot                Conj/Erth      3%         9d2       100%        6
 Plasma Beam              Fire/Air       3%         2x1d14    100%        6
 Simulacrum               Ice/Necr       3%         N/A       100%        6
 Starburst                Conj/Fire      3%         6d3       100%        6
 Statue Form              Tmut/Erth      4%         N/A       100%        6
 Summon Cactus Giant      Summ           3%         N/A       100%        6
 Dragon Form              Tmut           3%         N/A       100%        7
 Enfeeble                 Hex            3%         N/A       100%        7
 Haunt                    Necr/Summ      3%         N/A       100%        7
 Monstrous Menagerie      Summ           3%         N/A       100%        7
 Orb of Destruction       Conj           3%         9d5       100%        7
 Ozocubu's Refrigeration  Ice            3%         4d8       100%        7
 Storm Form               Tmut/Air       3%         N/A       100%        7
 Discord                  Hex            3%         N/A       100%        8
 Disjunction              Tloc           3%         N/A       100%        8
 Ignition                 Fire           3%         3d4       100%        8
 Infestation              Necr           3%         N/A       100%        8
 Lehudib's Crystal Spear  Conj/Erth      3%         10d2      100%        8
 Maxwell's Capacitive Co  Air            3%         ∞         100%        8
 Death's Door             Necr           3%         N/A       100%        9
 Dragon's Call            Summ           3%         N/A       100%        9
 Polar Vortex             Ice            3%         N/A       100%        9
 Blink                    Tloc           Unusable   N/A       N/A         2
 Swiftness                Air            Unusable   N/A       N/A         3

Dungeon Overview and Level Annotations

Branches:
Dungeon (15/15)            Temple (1/1) D:5            Lair (5/5) D:11
  Swamp (4/4) Lair:3        Snake (4/4) Lair:3        Slime (5/5) Lair:5
    Orc (2/2) D:10            Elf (3/3) Orc:2        Vaults (5/5) D:13
  Crypt (3/3) Vaults:2       Tomb (1/3) Crypt:3      Depths (4/4) D:15
   Hell (visited)             Dis (0/7) Hell            Geh (7/7) Hell
    Coc (7/7) Hell            Tar (7/7) Hell            Zot (4/5) Depths:4
 Bailey (visited)         Gauntlet (visited)

Altars:
Ashenzari
Dithmenos
Gozag
Hepliaklqana
Okawaru
Ru
Sif Muna
Uskayaw
Vehumet
Wu Jian
Xom
Yredelemnul
Jiyva

Shops:
D:2 (   D:5 ?   D:8 =   Orc:1 [   Orc:2 =*([   Elf:1 *[   Snake:1 :==
Snake:2 :   Vaults:1 !([=   Vaults:3 *   Depths:2 (   Depths:4 **[[

Portals:
Hell: Depths:1 Depths:2 Depths:3 Depths:4
Abyss: Depths:3 Depths:4
Pandemonium: Depths:1 Depths:2 Depths:3
Ziggurat: Depths:3
Trove: D:15 (give 17 potions of curing)

Annotations:
D:15 1 runed translucent door, Xiestris's ghost, journeyman DsGl
Swamp:4 Roxanne
Elf:2 2 runed translucent doors
Vaults:1 3 runed translucent doors, Anosyof's ghost, adept CeHu
Crypt:2 3 runed translucent doors, Bunoc's ghost, veteran FoFi
Geh:2 9 runed translucent doors
Zot:1 2 transporters, ongoing's ghost, legendary TrFi


Innate Abilities, Weirdness & Mutations

You cannot be hasted, slowed, berserked, paralysed or teleported.
You can dig through walls and to a lower floor.
You have a pair of large antennae on your head. (SInv)
Your four strong arms can wield two-handed weapons with a shield.
You are partially covered in iridescent scales. (AC +2)
Your flesh is heat resistant. (rF+)
You have an increased reservoir of magic. (+10% MP)
You sometimes lose the ability to drink potions when taking damage.
You expend magic power (3 MP) to strengthen your wands.


Message History

Inealiy is moderately wounded.
You pound Inealiy like an anvil!!!
Inealiy convulses!!!
Inealiy is almost dead.
Your supernatural speed expires.
You miss Inealiy.
Inealiy is almost dead.
Inealiy hits you!
You feel your power leaking away. You block the Brimstone Fiend's attack.
The Brimstone Fiend hits you.
The Brimstone Fiend completely misses you.
The Ice Fiend calls on the powers of darkness!
Your body is wracked with pain!
* * * LOW HITPOINT WARNING * * *
You completely miss Inealiy.
Inealiy is almost dead.
Inealiy sneers, "Crawl home whilst life thou hast!"
Inealiy gestures.
Unknown command.
You spin and attack Inealiy repeatedly.
You bludgeon Inealiy!!
You kill Inealiy!
The Council accepts your kill.
The tormentor disappears in a puff of smoke!
You spin and attack the sun demon repeatedly.
You crush the sun demon like a grape!!!
The sun demon convulses!!!
You kill the sun demon!
The Council accepts your kill.
You hit the Brimstone Fiend.
The Brimstone Fiend convulses.
The Brimstone Fiend is lightly wounded.
The Brimstone Fiend gestures at you.
The sphere of damnation explodes!
The damnation engulfs you!!!
* * * LOW HITPOINT WARNING * * *
The damnation engulfs the Brimstone Fiend.
The Brimstone Fiend completely resists.
You hear a shout!
You hear a screech!
You hear a shout!
You flatten the Brimstone Fiend like a pancake!!!
The Brimstone Fiend convulses!!!
The Brimstone Fiend is almost dead.
The Brimstone Fiend gestures at you.
The sphere of damnation explodes!
The damnation engulfs you!!!
You die...

#. # #. .# ##.########.####
... .................... ..
.....?............. #.
##☼§☼...............
#.#.#§§§§..............
#+.#'#{{##§§§§..............
.....{{{☼11@§§..............
##.'#5{###§§§§..............
3'.#∩#{{ #§☼§§..............
# {.###§☼§...............
{{{.....................
#{#.+##.##.#####.#######.
{#. #.##.# #.# #. #. #....#
#.# #. .....##.# #.# #.


You could see a Brimstone Fiend and an Ice Fiend.

Vanquished Creatures
  Antaeus (Hell)
  the Royal Jelly (Slime:5)
  Asmodeus (Geh:7)
  Ereshkigal (Tar:7)
  the Serpent of Hell (Geh:7)
  3 dread liches
  An orb of fire (Zot:2)
  2 ancient liches
  A juggernaut (Depths:3)
  Mennas (Vaults:2)
  A royal mummy (Crypt:3)
  Sojobo (Depths:3)
  7 pandemonium lords (Pan)
  22 shard shrikes
  Vv (Zot:3)
  Margery (Vaults:3)
  Saint Roka (Snake:4)
  A curse toe (Zot:1)
  5 caustic shrikes
  Geryon (Hell)
  16 profane servitors
  9 golden dragons
  17 bone dragons
  12 Brimstone Fiends
  17 hellephants
  20 Tzitzimimeh
  8 doom hounds
  Jorgrun (Swamp:3)
  2 spectral shard shrikes
  4 electric golems
  A shard shrike skeleton (Abyss:5)
  Rupert (Snake:1)
  25 tainted leviathans
  13 tentacled monstrosities
  21 Ice Fiends
  A walking crystal tome (Depths:3)
  A Hell Sentinel (Pan)
  11 titans
  2 walking frostbound tomes
  18 searing wretches
  A walking divine tome (Abyss:5)
  12 liches
  10 quicksilver dragons
  2 deep elf blademasters
  6 death cobs
  7 Executioners (Pan)
  13 sphinxes
  Agnes (Snake:1)
  4 ancient champions
  2 deep elf master archers (Elf:3)
  11 tengu reavers
  13 shadow dragons
  26 acid blobs
  40 tentacled starspawn
  12 storm dragons
  18 azure jellies
  2 demonspawn warmongers (Pan)
  3 thorn hunters
  2 daevas (Abyss:5)
  5 draconian monks
  2 revenants
  9 narguns
  11 rockslimes
  5 nagarajas
  9 draconian knights
  2 fenstrider witches (Swamp:2)
  27 fire giants
  12 frost giants
  3 spectral juggernauts
  9 deep elf sorcerers
  34 balrugs
  2 angels
  3 spectral caustic shrikes
  4 ghost moths
  2 juggernaut zombies
  2 curse skulls
  2 caustic shrike zombies (Depths:1)
  3 iron dragons
  7 draconian scorchers
  13 reapers
  5 ghouls
  22 ironbound preservers
  4 draconian stormcallers
  Louise (Swamp:3)
  An orc warlord (Orc:2)
  25 vault wardens
  9 cacodemons
  5 shard shrike simulacra
  7 draconian shifters
  Aizul (Snake:3)
  6 war gargoyles
  6 draconian annihilators
  6 deep elf elementalists
  5 demonspawn blood saints (Pan)
  13 quicksilver oozes
  11 demonspawn corrupters
  A spriggan defender (Depths:4)
  5 ironbound thunderhulks
  17 stone giants
  10 green draconians
  2 ophanim (Abyss:5)
  3 starflowers
  Nessos (Lair:4)
  37 very ugly things
  17 vampire knights
  10 black draconians
  31 elemental wellsprings
  A caustic shrike skeleton (Abyss:5)
  8 deep elf demonologists
  7 deep elf annihilators
  10 demonspawn black suns (Pan)
  17 white draconians
  3 eleionomae
  17 red draconians
  9 purple draconians
  21 dire elephants
  12 lorocyprocas
  18 yellow draconians
  12 putrid mouths
  139 starcursed masses
  11 wendigos
  A minotaur (Gauntlet)
  2 bennus (Tomb:1)
  6 bunyips
  9 blizzard demons
  An ettin (shapeshifter) (Depths:4)
  A spectral quicksilver dragon (Tar:3)
  9 deep elf death magi
  11 spark wasps
  11 eidola
  17 ettins
  2 iron golems (Hell)
  3 quicksilver dragon zombies (Depths:1)
  12 jiangshi
  8 yaktaur captains
  A fire dragon (shapeshifter) (Depths:3)
  Josephine (Snake:1)
  A crystal guardian (Abyss:5)
  10 mummy priests
  2 spectral spriggans (Tar:3)
  16 green deaths
  5 fire dragons
  A shambling mangrove (Swamp:4)
  16 great orbs of eyes
  3 entropy weavers
  3 deep elf high priests (Elf:3)
  A fenstrider witch zombie (Crypt:1)
  6 rakshasas (Abyss:5)
  An entropy weaver (shapeshifter) (Abyss:5)
  A spectral iron giant (Tar:3)
  7 spriggan air magi
  32 vault guards
  10 hell beasts (Pan)
  A ghost crab (Swamp:2)
  12 ice dragons
  31 hydras
  37 centaur warriors
  12 salamander tyrants
  7 alligators
  A peacekeeper (Vaults:2)
  3 death knights
  10 juggernaut simulacra
  6 ironbound frosthearts
  19 stokers
  10 anacondas
  2 catoblepae
  7 caustic shrike simulacra
  6 boulder beetles
  22 dancing weapons
  8 deep troll shamans
  An ogre mage (D:15)
  13 two-headed ogres
  10 vampire magi
  3 tengu warriors
  9 death yaks
  29 death scarabs (Tomb:1)
  7 deep troll earth magi
  7 naga sharpshooters
  2 spectral dire elephants
  34 hell hogs
  40 soul eaters
  17 naga warriors
  57 thrashing horrors
  12 shock serpents
  A titan zombie (Depths:1)
  6 orc high priests
  20 iron trolls
  6 spriggan berserkers
  36 hell knights
  18 deep elf knights
  4 skysharks
  6 spriggans
  48 sun demons
  A spectral bunyip (Tar:2)
  A storm dragon zombie (Depths:1)
  22 skeletal warriors
  A spectral catoblepas (Tar:1)
  13 spatial maelstroms
  2 golden dragon zombies
  5 goliath frogs
  10 salamander mystics
  13 shadow wraiths
  An iron giant zombie (Crypt:3)
  2 spark wasp zombies
  3 spectral anacondas
  11 shadow demons
  18 sixfirhies
  4 naga ritualists
  34 wretched stars
  72 deep trolls
  4 quicksilver dragon simulacra
  A storm dragon skeleton (Depths:2)
  7 glowing orange brains
  2 orb spiders (Abyss:5)
  2 bunyip zombies
  7 flayed ghosts
  5 spriggan simulacra
  9 deep elf archers
  10 swamp dragons
  An anaconda zombie (Crypt:1)
  6 phantasmal warriors
  A lindwurm (shapeshifter) (Vaults:5)
  4 tengu zombies
  18 bog bodies
  A swamp dragon (shapeshifter) (Vaults:5)
  21 lindwurms
  25 deep elf pyromancers
  23 ironbound convokers
  A spectral merfolk (Tar:1)
  19 necromancers
  A wolf spider (shapeshifter) (Vaults:5)
  8 orc knights
  8 harpies
  17 wizards
  24 deep elf zephyrmancers
  8 mana vipers
  3 stone giant zombies
  45 ugly things
  4 fire giant zombies
  3 will-o-the-wisps
  A wolf spider (Lair:5)
  4 manticores
  2 iron dragon zombies
  5 orc sorcerers
  7 shining eyes
  8 worldbinders
  12 elephants
  A naga zombie (Crypt:3)
  7 frost giant zombies
  2 spectral ettins
  8 cyclopes
  25 moths of wrath
  A salamander (shapeshifter) (Abyss:5)
  19 salamanders
  2 frost giant skeletons (Depths:2)
  Joseph (D:8)
  53 black mambas
  11 guardian serpents
  9 rust devils
  2 moths of wrath (shapeshifter) (Vaults:5)
  An elephant (shapeshifter) (Vaults:5)
  A spectral alligator snapping turtle (Tar:1)
  3 eyes of devastation
  19 naga magi
  10 demonic crawlers
  59 smoke demons
  2 torpor snails (Lair:1)
  7 apocalypse crabs
  A dire elephant zombie (Abyss:3)
  A molten gargoyle (D:13)
  21 vault sentinels
  18 hellions
  An eye of devastation (shapeshifter) (Depths:3)
  21 cane toads
  2 titan simulacra
  23 orange demons
  An unseen horror zombie (Crypt:1)
  2 kobold demonologists (D:9)
  7 unseen horrors
  A shock serpent skeleton (Crypt:3)
  9 rime drakes
  9 spriggan zombies
  A torpor snail (shapeshifter) (Vaults:4)
  32 yaktaurs
  8 anaconda simulacra
  4 iron giant simulacra
  5 ice devils
  8 komodo dragons
  A minotaur zombie (Gauntlet)
  A tengu conjurer (Depths:1)
  2 spectral nagas
  5 efreet
  25 ancient zymes
  11 red devils
  10 freezing wraiths
  A mana viper zombie (Crypt:3)
  A black draconian skeleton (Crypt:1)
  37 guardian mummies
  A golden dragon simulacrum (Coc:7)
  2 spectral harpies (Tar:3)
  A harpy zombie (Crypt:3)
  24 tormentors
  A queen bee (Lair:1)
  A meliai (D:10)
  A mana viper skeleton (Crypt:2)
  2 silent spectres
  17 hellwings
  A polar bear (Lair:4)
  12 trolls
  A bloated husk (Swamp:4)
  A tengu simulacrum (Hell)
  23 blink frogs
  11 tyrant leeches
  A harpy skeleton (Crypt:3)
  9 dream sheep
  70 raiju
  10 hornets
  Prince Ribbit (D:8)
  A snapping turtle (shapeshifter) (Vaults:5)
  4 ettin zombies
  A black mamba zombie (Crypt:1)
  A jumping spider (Vaults:3)
  A human simulacrum (Vaults:3)
  An iron dragon simulacrum (Coc:4)
  26 flying skulls
  A frost giant simulacrum (Vaults:3)
  102 slime creatures
  A stone giant simulacrum (Coc:4)
  4 air elementals
  Sigmund (D:4)
  A satyr skeleton (Crypt:3)
  An ettin skeleton (Crypt:3)
  2 spriggan skeletons
  A guardian serpent skeleton (Crypt:1)
  5 shadows
  A centaur simulacrum (Hell)
  13 dire elephant simulacra
  A yak (shapeshifter) (Vaults:5)
  8 wyverns
  A spectral black mamba (Tar:1)
  48 yaks
  28 small abominations
  7 water elementals
  14 wraiths
  10 ushabtiu
  10 basilisks
  36 ynoxinuls
  4 fire bats (Depths:2)
  8 fire elementals
  27 golden eyes
  Grum (D:8)
  An alligator snapping turtle simulacrum (Coc:3)
  A hog (shapeshifter) (Vaults:2)
  An elf zombie (Vaults:3)
  87 large abominations
  2 redbacks
  24 neqoxecs
  A steam dragon (D:6)
  A redback (shapeshifter) (D:13)
  13 vampire mosquitoes
  4 wargs
  Menkaure (D:6)
  20 harpy simulacra
  14 swamp worms
  37 chaos spawn
  47 nagas
  A water moccasin (shapeshifter) (Abyss:5)
  17 spatial vortices
  A glowing shapeshifter zombie (Depths:1)
  2 hydra simulacra
  A human zombie (Depths:2)
  2 acid dragons
  15 water moccasins
  16 hell hounds
  A naga skeleton (Crypt:2)
  2 floating eyes (shapeshifter)
  A water nymph skeleton (Crypt:3)
  5 floating eyes
  9 swamp drakes
  A manticore zombie (Crypt:3)
  A fire dragon simulacrum (Hell)
  9 ettin simulacra
  45 orc warriors
  2 black bears (Lair:3)
  2 ice dragon simulacra
  2 boggarts
  9 wolves
  16 ogres
  13 centaurs
  A phantom (D:5)
  2 kobold brigands (D:8)
  2 naga simulacra
  7 bullfrogs
  5 necrophages
  2 earth elementals (Elf:2)
  12 wights
  A warg skeleton (Crypt:2)
  33 killer bees
  2 howler monkeys (D:9)
  A lava snake (D:13)
  A quasit (Abyss:3)
  14 jellies
  5 hounds
  A basilisk skeleton (Crypt:2)
  20 orc priests
  A black bear skeleton (Crypt:1)
  2 gnoll boudas (D:9)
  An iron imp (Abyss:3)
  Jessica (D:2)
  4 iguanas
  22 orc wizards
  2 sleepcaps
  A boggart zombie (Crypt:2)
  13 hell rats
  An acid dragon zombie (Crypt:2)
  A deep dwarf zombie (Crypt:2)
  25 mummies
  A howler monkey zombie (Crypt:2)
  8 gnolls
  9 adders
  A steam dragon skeleton (Crypt:3)
  6 shadow imps
  6 white imps
  2 ufetubi (Abyss:4)
  An adder skeleton (Crypt:3)
  61 orcs
  A bat skeleton (Crypt:1)
  6 endoplasms
  4 giant cockroaches
  13 goblins
  9 hobgoblins
  10 jackals
  37 kobolds
  A quokka (D:2)
  2 ball pythons
  4 bats
  5 frilled lizards
  A frilled lizard zombie (Crypt:1)
  A giant cockroach zombie (Crypt:2)
  5 rats
  6 creeping infernos
  43 fire vortices
  8 lurking horrors
  49 starspawn tentacles
4464 creatures vanquished.

Vanquished Creatures (others)
  A dread lich (Vaults:5)
  A curse toe (Zot:2)
  A searing wretch (Geh:7)
  A storm dragon (Zot:1)
  A shadow dragon (Zot:2)
  A fire giant (Geh:7)
  A ghost moth (Zot:2)
  A deep elf elementalist (Elf:3)
  A draconian stormcaller (Zot:2)
  A deep elf demonologist (Elf:3)
  5 red draconians (Zot:2)
  A bunyip (Swamp:4)
  A jiangshi (Crypt:2)
  A spriggan berserker (Swamp:4)
  A hell knight (Hell)
  A deep elf zephyrmancer (Elf:1)
  A deep elf pyromancer (Elf:2)
  2 tormentors
  2 bloated husks
  A raiju (Abyss:5)
  2 small abominations (Abyss:5)
  A dire elephant simulacrum (Coc:7)
  A large abomination (Abyss:5)
  A chaos spawn (Pan)
  2 harpy simulacra (Coc:4)
  A warg (Elf:3)
  2 ettin simulacra
  A boggart (Vaults:1)
  A hell rat (Hell)
  A mummy (Crypt:3)
  A shadow imp (D:6)
  6 creeping infernos
  3 fire vortices
  14 foxfires
  5 lurking horrors
  51 starspawn tentacles
119 creatures vanquished.

Grand Total: 4583 creatures vanquished

Notes
Turn   | Place    | Note
-------+----------+-------------------------------------------
     0 | D:1      | Ivernyr the Formicid Fighter began the quest for the Orb.
     0 | D:1      | Reached XP level 1. HP: 18/18 MP: 1/1
   246 | D:1      | Reached XP level 2. HP: 23/24 MP: 2/2
   806 | D:1      | Reached XP level 3. HP: 27/30 MP: 3/3
  1501 | D:2      | Found Giaz's Weapon Emporium.
  1552 | D:2      | Found a hide-covered altar of Uskayaw.
  1637 | D:2      | Reached XP level 4. HP: 37/37 MP: 4/4
  1735 | D:2      | Noticed Jessica
  1739 | D:2      | Killed Jessica
  2314 | D:3      | Found a shadowy altar of Dithmenos.
  2425 | D:3      | Reached XP level 5. HP: 41/42 MP: 5/5
  2774 | D:4      | Noticed Sigmund
  2784 | D:4      | Killed Sigmund
  2785 | D:4      | Reached skill level 5 in Fighting
  2785 | D:4      | Reached skill level 5 in Armour
  2785 | D:4      | Reached XP level 6. HP: 51/51 MP: 6/6
  3009 | D:4      | Reached skill level 1 in Axes
  3009 | D:4      | Reached XP level 7. HP: 44/56 MP: 7/7
  3264 | D:5      | Entered Level 5 of the Dungeon
  3839 | D:5      | Found a staircase to the Ecumenical Temple.
  3878 | D:5      | Found Pynkylao's Magic Scroll Shoppe.
  3922 | Temple   | Entered the Ecumenical Temple
  3934 | Temple   | Became a worshipper of the Wu Jian Council
  4005 | D:5      | Reached XP level 8. HP: 63/64 MP: 8/8
  4127 | D:6      | Noticed a shadow
  4141 | D:6      | Killed a shadow
  4142 | D:6      | Found a sacrificial altar of Ru.
  4258 | D:6      | Noticed Menkaure
  4286 | D:6      | Killed Menkaure
  4559 | D:6      | Reached XP level 9. HP: 57/70 MP: 9/9
  4748 | D:6      | Reached skill level 5 in Axes
  4773 | D:6      | Reached * piety under Wu Jian
  5401 | D:7      | Found an iron altar of Okawaru.
  5862 | D:8      | Found Roiderch's One-of-a-Kind Rings.
  6047 | D:8      | Reached XP level 10. HP: 54/82 MP: 10/10
  6110 | D:8      | Found a hazy altar of Hepliaklqana.
  6461 | D:8      | Reached ** piety under Wu Jian
  6741 | D:8      | Noticed Joseph
  6766 | D:8      | Killed Joseph
  6932 | D:8      | Noticed Grum
  6932 | D:8      | Noticed Prince Ribbit
  6974 | D:8      | You fall into a shaft and drop 2 floors!
  6974 | D:10     | Entered Level 10 of the Dungeon
  7200 | D:9      | Found a flagged portal.
  7213 | Bailey   | Entered a bailey
  7375 | Bailey   | Reached skill level 10 in Armour
  7420 | Bailey   | Reached *** piety under Wu Jian
  7589 | D:9      | Reached skill level 10 in Fighting
  7751 | D:9      | Noticed a centaur warrior
  7773 | D:9      | Killed a centaur warrior
  7949 | D:9      | Reached XP level 11. HP: 92/92 MP: 11/11
  8291 | D:2      | Bought the +8 frozen axe "Frostbite" {freeze, freezing
                  | cloud, *Noise Fly rC+} for 917 gold pieces
  8291 | D:2      | Found the +8 frozen axe "Frostbite" {freeze, freezing
                  | cloud, *Noise Fly rC+}
  8463 | D:10     | Got the Notes on Forceful Position
  8584 | D:8      | Killed Prince Ribbit
  8877 | D:9      | Found an opulent altar of Gozag.
  9296 | D:8      | Killed Grum
  9456 | D:10     | Noticed a boulder beetle
  9468 | D:10     | Killed a boulder beetle
  9498 | D:10     | Noticed a cyan ugly thing
  9499 | D:10     | Noticed a cyclops
  9507 | D:10     | Killed a cyan ugly thing
  9522 | D:10     | Killed a cyclops
  9522 | D:10     | Noticed an orc knight
  9526 | D:10     | Killed an orc knight
  9639 | D:10     | Reached **** piety under Wu Jian
  9732 | D:10     | Found a staircase to the Orcish Mines.
 10145 | D:11     | Reached XP level 12. HP: 88/102 MP: 12/12
 10262 | D:11     | Reached skill level 10 in Axes
 10409 | D:11     | Identified the +1 robe "Tugenn" {Rampage rElec Stlth+}
 10582 | D:11     | Found a staircase to the Lair.
 10678 | D:11     | Noticed a boulder beetle
 10697 | D:11     | Killed a boulder beetle
 11122 | Lair:1   | Entered Level 1 of the Lair of Beasts
 11328 | Lair:1   | Noticed a boulder beetle
 11346 | Lair:1   | Reached ***** piety under Wu Jian
 11381 | Lair:1   | Killed a boulder beetle
 11524 | Lair:1   | Reached XP level 13. HP: 31/111 MP: 13/13
 12850 | Lair:3   | Found a staircase to the Snake Pit.
 12930 | Lair:3   | Noticed a six-headed hydra
 12934 | Lair:3   | Killed an eight-headed hydra
 13045 | Lair:3   | Reached skill level 15 in Axes
 13084 | Lair:3   | Found a gate leading to a gauntlet.
 13088 | Lair:3   | Found a staircase to the Swamp.
 13092 | Gauntlet | Entered a Gauntlet
 13092 | Gauntlet | Found a transporter.
 13092 | Gauntlet | Found a transporter.
 13104 | Gauntlet | Found a transporter.
 13108 | Gauntlet | Found a transporter.
 13116 | Gauntlet | Found a transporter.
 13120 | Gauntlet | Found a transporter.
 13123 | Gauntlet | Noticed a catoblepas
 13133 | Gauntlet | Found a transporter.
 13146 | Gauntlet | Found a transporter.
 13160 | Gauntlet | Found a transporter.
 13164 | Gauntlet | Found a transporter.
 13172 | Gauntlet | Found a transporter.
 13176 | Gauntlet | Found a transporter.
 13283 | Gauntlet | Reached ****** piety under Wu Jian
 13309 | Gauntlet | Noticed a minotaur
 13314 | Gauntlet | Killed a minotaur
 13315 | Gauntlet | Reached XP level 14. HP: 93/118 MP: 14/14
 13355 | Gauntlet | Got Qipurut's Dissertation on the Posthumous Traveller
 14157 | Lair:4   | Noticed Nessos
 14171 | Lair:4   | Killed Nessos
 14183 | Lair:4   | Reached skill level 1 in Dodging
 14280 | Lair:4   | Reached skill level 5 in Shields
 14498 | Lair:4   | Reached XP level 15. HP: 124/124 MP: 15/15
 15124 | Lair:5   | Entered Level 5 of the Lair of Beasts
 15128 | Lair:5   | Found a staircase to the Slime Pits.
 15842 | Lair:5   | HP: 2/126 [eight-headed hydra (10)]
 16021 | Lair:5   | Identified the +5 scale mail of Catatonia {SInv}
 16439 | Orc:1    | Entered Level 1 of the Orcish Mines
 16560 | Orc:1    | Found Mahit's Antique Armour Shoppe.
 16568 | Orc:1    | Bought an ancient cloak for 218 gold pieces
 16568 | Orc:1    | Identified the +1 cloak of Apuxke {*Slow rCorr Str+4 Dex+4}
                  | (You bought it in a shop on level 1 of the Orcish Mines)
 16581 | Orc:1    | Bought a distressingly furry plate armour for 644 gold
                  | pieces
 16581 | Orc:1    | Identified the +0 plate armour "Ubiroopu" {Fly rC+ Will+
                  | Dex+3} (You bought it in a shop on level 1 of the Orcish
                  | Mines)
 16581 | Orc:1    | Bought a pair of steaming gloves for 218 gold pieces
 16581 | Orc:1    | Identified the +2 pair of gloves of Vuufoj {+Blink rPois
                  | rF- Str-3 Int+6} (You bought it in a shop on level 1 of the
                  | Orcish Mines)
 16723 | Orc:2    | Entered Level 2 of the Orcish Mines
 16745 | Orc:2    | Found Nucaud's Antique Weapon Boutique.
 16766 | Orc:2    | Found a staircase to the Elven Halls.
 16812 | Orc:2    | Noticed an orc warlord
 16828 | Orc:2    | Reached skill level 5 in Dodging
 16879 | Orc:2    | Killed an orc warlord
 16880 | Orc:2    | Reached XP level 16. HP: 76/134 MP: 16/16
 16979 | Orc:2    | Found Ynwu's Antique Armour Shop.
 17164 | Orc:2    | Found Qihy's Jewellery Boutique.
 17276 | Orc:2    | Found Dahosch's General Store.
 17787 | Orc:2    | Bought the amulet of Peek {rPois rC+ Regen+ Stlth+} for 561
                  | gold pieces
 19165 | D:13     | Found a shimmering blue altar of Sif Muna.
 19180 | D:13     | Got Sif Muna's Opusculum on the Winter
 19552 | D:13     | Found a gate to the Vaults.
 19722 | D:14     | Found a radiant altar of Vehumet.
 19911 | D:14     | Reached skill level 10 in Shields
 19984 | D:14     | Reached skill level 15 in Armour
 20328 | D:15     | Entered Level 15 of the Dungeon
 20392 | D:14     | Reached skill level 15 in Fighting
 20448 | D:15     | Found a staircase to the Depths.
 20542 | D:15     | Reached XP level 17. HP: 131/142 MP: 17/17
 20646 | D:15     | Found a portal to a secret trove of treasure.
 20743 | D:15     | Found a runed translucent door.
 20744 | D:15     | Found a shimmering altar of Xom.
 20744 | D:15     | Noticed Xiestris's ghost (journeyman DsGl)
 20744 | D:15     | Identified the +5 demon trident "Feppaaj" {chaos, Will+
                  | Dex+3 Stlth+}
 21130 | Elf:1    | Entered Level 1 of the Elven Halls
 21232 | Elf:1    | Found Deokatann's Antique Armour Shop.
 21236 | Elf:1    | Found Noex's General Store.
 21444 | Elf:1    | Identified a scroll of acquirement
 22384 | Elf:2    | Found a large runed translucent door.
 22384 | Elf:2    | Found a large runed translucent door.
 22408 | Elf:2    | Found a large runed translucent door.
 22408 | Elf:2    | Found a large runed translucent door.
 22963 | Elf:2    | Reached XP level 18. HP: 31/151 MP: 18/18
 23399 | Elf:1    | Bought a shiny buckler for 202 gold pieces
 23399 | Elf:1    | Bought a brightly glowing chain mail for 256 gold pieces
 23399 | Elf:1    | Identified the +8 chain mail of Cydghofra {-Cast Fly rN+
                  | Slay+2} (You bought it in a shop on level 1 of the Elven
                  | Halls)
 23468 | Elf:3    | Entered Level 3 of the Elven Halls
 23504 | Elf:3    | Noticed a deep elf blademaster
 23667 | Elf:3    | Killed a deep elf blademaster
 23825 | Elf:3    | Noticed a deep elf master archer
 23922 | Elf:3    | Killed a deep elf master archer
 24026 | Elf:3    | Noticed a deep elf blademaster
 24043 | Elf:2    | Killed a deep elf blademaster
 24204 | Elf:3    | Acquired a manual of Shields
 24497 | Elf:3    | Identified the +1 war axe of Letuciso {flame, rPois rC+}
 24498 | Elf:3    | Noticed a deep elf master archer
 24665 | Abyss:3  | Cast into level 3 of the Abyss (a deep elf sorcerer)
 24681 | Elf:3    | Escaped the Abyss
 24700 | Elf:3    | Killed a deep elf master archer
 24937 | Abyss:3  | Cast into level 3 of the Abyss (a deep elf demonologist)
 24938 | Abyss:3  | Found a corrupted altar of Lugonu.
 25053 | Abyss:3  | Noticed a lich
 25055 | Abyss:3  | Killed a lich
 25263 | Elf:3    | Escaped the Abyss
 25270 | Elf:3    | Noticed an Ice Fiend
 25270 | Elf:3    | Identified the +6 spear of Melee {drain, *Slow rPois Str+2}
 25281 | Elf:3    | Noticed an Executioner
 25375 | Elf:3    | Identified the amulet "Ijuugah" {Spirit Int+3}
 25379 | Abyss:3  | Cast into level 3 of the Abyss (a deep elf demonologist)
 25380 | Abyss:3  | Noticed a dread lich
 25389 | Abyss:3  | Noticed a Brimstone Fiend
 25390 | Abyss:3  | Killed a dread lich
 25450 | Abyss:3  | Reached XP level 19. HP: 159/159 MP: 19/19
 25531 | Abyss:3  | Reached skill level 15 in Shields
 25533 | Abyss:3  | Noticed a bone dragon
 25555 | Abyss:3  | Killed a bone dragon
 25604 | Abyss:3  | Noticed a bone dragon
 25635 | Elf:3    | Escaped the Abyss
 25637 | Elf:3    | Identified the +1 quarterstaff "Killer Bee's Doom" {flame,
                  | rN+ Will+ Int+4 Stlth+}
 25657 | Abyss:4  | Cast into level 4 of the Abyss (a deep elf sorcerer)
 25683 | Abyss:4  | Noticed a bone dragon
 25688 | Elf:3    | Escaped the Abyss
 25846 | Elf:3    | Identified the +2 spear of Mastery {flame, Dex+6}
 25853 | Elf:3    | Identified the +10 falchion "Okoecs" {antimagic, rPois
                  | Will+ Str+5 Int-4}
 25896 | Elf:3    | Identified the +0 ring mail of Ashenzari's Scorn {*Slow rF+
                  | Will++}
 25926 | Elf:3    | Reached skill level 10 in Dodging
 25941 | Elf:3    | Identified the ring "Jukkunarph" {Fly rF+ Str+2}
 25948 | Elf:3    | Noticed a Brimstone Fiend
 25961 | Elf:3    | Noticed a Hell Sentinel
 25965 | Elf:3    | Noticed an Ice Fiend
 26251 | Elf:3    | Got Xopsyed's Collected Works on Heavy Topology
 26639 | Snake:1  | Entered Level 1 of the Snake Pit
 26711 | Snake:1  | Noticed Josephine
 26715 | Snake:1  | Killed Josephine
 26848 | Snake:1  | Noticed Agnes
 26852 | Snake:1  | Killed Agnes
 27601 | Snake:1  | Found Cocenaax's Jewellery Shop.
 27602 | Snake:1  | Found Rannitoo's Book Shoppe.
 27604 | Snake:1  | Found Sitziz's Jewellery Shop.
 27662 | Snake:1  | Noticed Rupert
 27671 | Snake:1  | Killed Rupert
 28618 | Snake:2  | Found Ikuntumu's Book Boutique.
 29186 | Snake:3  | Noticed Aizul
 29190 | Snake:3  | Killed Aizul
 29204 | Snake:3  | Reached XP level 20. HP: 153/170 MP: 20/20
 29812 | Snake:4  | Entered Level 4 of the Snake Pit
 30430 | Snake:4  | Got a serpentine rune of Zot
 30994 | Snake:4  | Identified the +2 hand axe of the Burning Gods {heavy,
                  | Dex+3}
 30994 | Snake:4  | Noticed Saint Roka
 31061 | Snake:4  | Killed Saint Roka
 31270 | Swamp:1  | Entered Level 1 of the Swamp
 31324 | Swamp:1  | Reached XP level 21. HP: 178/178 MP: 21/21
 32815 | Swamp:3  | Noticed Jorgrun
 32828 | Swamp:3  | Killed Jorgrun
 33030 | Swamp:3  | Noticed Louise
 33035 | Swamp:3  | Killed Louise
 33252 | Swamp:4  | Entered Level 4 of the Swamp
 33597 | Swamp:4  | Got a decaying rune of Zot
 33720 | Swamp:4  | Noticed Roxanne
 34196 | Vaults:1 | Entered Level 1 of the Vaults
 34453 | Vaults:1 | Reached XP level 22. HP: 179/187 MP: 22/22
 34472 | Vaults:1 | Found Xuuckoept's Jewellery Shoppe.
 34703 | Vaults:1 | Found Tifel's Antique Armour Shop.
 34879 | Vaults:1 | Found a runed translucent gate.
 34879 | Vaults:1 | Found a runed translucent gate.
 34881 | Vaults:1 | Found a runed translucent gate.
 34884 | Vaults:1 | Noticed Anosyof's ghost (adept CeHu)
 35003 | Vaults:1 | Found Vemar's Distillery.
 35009 | Vaults:1 | Bought a potion of heal wounds for 75 gold pieces
 35009 | Vaults:1 | Bought a potion of heal wounds for 75 gold pieces
 35009 | Vaults:1 | Bought a potion of heal wounds for 75 gold pieces
 35009 | Vaults:1 | Bought a potion of heal wounds for 75 gold pieces
 35040 | Vaults:1 | Found Okostun's Antique Weapon Emporium.
 35536 | Vaults:2 | Identified the +6 scale mail "Ragoqu" {Drain rElec Regen+
                  | Stlth+}
 35832 | Vaults:2 | Noticed Mennas
 35839 | Vaults:2 | Killed Mennas
 35840 | Vaults:2 | Reached XP level 23. HP: 172/196 MP: 23/23
 35980 | Vaults:2 | Found a staircase to the Crypt.
 36757 | Vaults:3 | Noticed Margery
 36942 | Vaults:3 | Killed Margery
 36986 | Vaults:3 | Identified the +7 quarterstaff of the Crafting King
                  | {antimagic, Fly Will+ Stlth+}
 37370 | Vaults:3 | You are sucked into a shaft and drop 1 floor!
 37769 | Vaults:3 | Reached XP level 24. HP: 198/204 MP: 23/23
 37909 | Vaults:3 | Found Hakkes's Assorted Antiques.
 39235 | Depths:1 | Entered Level 1 of the Depths
 39246 | Depths:1 | Noticed a caustic shrike
 39249 | Depths:1 | Noticed a caustic shrike
 39249 | Depths:1 | Noticed a caustic shrike
 39250 | Depths:1 | Killed a caustic shrike
 39250 | Depths:1 | Noticed a caustic shrike
 39253 | Depths:1 | Killed a caustic shrike
 39253 | Depths:1 | Killed a caustic shrike
 39256 | Depths:1 | Killed a caustic shrike
 39450 | Depths:1 | Found a one-way gate leading to the halls of Pandemonium.
 39734 | Depths:1 | Found a basalt altar of Yredelemnul.
 40043 | Depths:1 | Found a gateway to Hell.
 40319 | Depths:2 | Reached XP level 25. HP: 213/213 MP: 23/23
 40611 | Depths:2 | Noticed a caustic shrike
 40621 | Depths:2 | Killed a caustic shrike
 40992 | Depths:3 | Noticed Sojobo
 41004 | Depths:3 | Killed Sojobo
 41277 | Depths:3 | Noticed a juggernaut
 41286 | Depths:3 | Killed a juggernaut
 41359 | Depths:3 | Reached skill level 15 in Dodging
 41382 | Depths:3 | Found a one-way gate to the infinite horrors of the Abyss.
 41461 | Depths:2 | Found Gewet's Antique Weapon Emporium.
 41666 | Depths:3 | Found a one-way gateway to a ziggurat.
 42531 | Depths:4 | Entered Level 4 of the Depths
 42643 | Depths:4 | Found a gate to the Realm of Zot.
 42737 | Depths:4 | Found Memakh's Antique Armour Emporium.
 42739 | Depths:4 | Found Osasuack's Armour Shoppe.
 42742 | Depths:4 | Found Headouc's Assorted Antiques.
 42834 | Depths:4 | Found Leujon's Elemental Accessories.
 42977 | Depths:4 | Reached XP level 26. HP: 171/222 MP: 23/23
 43628 | Depths:4 | Identified the +0 ring mail of the Orcish Mines {*Slow
                  | rElec Dex+2}
 44252 | Snake:1  | Bought the ring of Xocairphebb {*Corrode rC+ rN++ Will+}
                  | for 595 gold pieces
 44547 | Orc:2    | Bought the ring of the Tortoise {AC+8} for 1408 gold pieces
 44547 | Orc:2    | Found the ring of the Tortoise {AC+8}
 45212 | Vaults:5 | Entered Level 5 of the Vaults
 45554 | Vaults:5 | Identified the +0 chain mail of the Unseen Realm {+Inv
                  | rN+++ Will- Dex-2}
 45577 | Vaults:5 | Noticed a dread lich
 45587 | Vaults:5 | Identified the ring of Lesser Demons {Wiz Dex+5}
 45588 | Vaults:5 | Killed a dread lich
 45714 | Vaults:5 | Reached XP level 27. HP: 110/231 MP: 23/23
 45932 | Vaults:5 | Identified the +3 scale mail of Soft Rains {Fly Will+ Str+2
                  | Dex-4}
 46303 | Vaults:5 | Identified the staff of cold "Yfrisi" {rC+ Will- Str+3
                  | Dex+7}
 46304 | Vaults:5 | Identified the staff of poison "Dabeorh Unum" {rPois rC-
                  | Dex+3 SInv}
 46384 | Vaults:5 | Got a silver rune of Zot
 46656 | Crypt:1  | Entered Level 1 of the Crypt
 47644 | Crypt:2  | Noticed Bunoc's ghost (veteran FoFi)
 47691 | Crypt:2  | Found a runed translucent gate.
 47691 | Crypt:2  | Found a runed translucent gate.
 47693 | Crypt:2  | Found a runed translucent gate.
 48175 | Crypt:3  | Entered Level 3 of the Crypt
 48224 | Crypt:3  | Found a staircase to the Tomb.
 48764 | Crypt:2  | Found a basalt altar of Yredelemnul.
 48764 | Crypt:2  | Identified the ring "Ustruixi" {*Corrode rN++ EV+5 Dex+3
                  | Stlth+}
 49085 | Crypt:3  | Noticed a royal mummy
 49149 | Crypt:3  | Killed a royal mummy
 49674 | Crypt:3  | Found the +9 staff of Olgreb {rPois∞}
 49700 | Crypt:3  | Identified the +4 falchion of the Pit {flame, Str+3 Int+2
                  | Stlth-}
 50483 | Tomb:1   | Entered Level 1 of the Tomb of the Ancients
 51069 | Tomb:1   | Reached skill level 27 in Axes
 51600 | Zot:1    | Entered Level 1 of the Realm of Zot
 51801 | Zot:1    | Noticed a dread lich
 51897 | Zot:1    | Noticed ongoing's ghost (legendary TrFi)
 51899 | Zot:1    | Found a transporter.
 52151 | Zot:1    | Found a transporter.
 52507 | Zot:2    | Noticed an orb of fire
 52692 | Zot:2    | Noticed an orb of fire
 52697 | Zot:2    | Gained mutation: Your body sometimes deteriorates upon
                  | taking damage. [an orb of fire]
 52700 | Zot:2    | Killed an orb of fire
 52728 | Zot:2    | Lost mutation: Your body sometimes deteriorates upon taking
                  | damage. [potion of mutation]
 52728 | Zot:2    | Gained mutation: You are weak. (Str -2) [potion of
                  | mutation]
 52729 | Zot:2    | Lost mutation: You are weak. (Str -2) [potion of mutation]
 52729 | Zot:2    | Gained mutation: You are somewhat resistant to further
                  | mutation. [potion of mutation]
 52729 | Zot:2    | Gained mutation: You possess an exceptional clarity of
                  | mind. [potion of mutation]
 53588 | Depths:3 | Voluntarily entered the Abyss.
 53737 | Abyss:4  | Found a corrupted altar of Lugonu.
 53778 | Abyss:4  | Found a corrupted altar of Lugonu.
 53924 | Abyss:4  | Reached skill level 27 in Shields
 54004 | Abyss:4  | Got an abyssal rune of Zot
 54013 | Depths:3 | Escaped the Abyss
 54409 | Slime:1  | Entered Level 1 of the Pits of Slime
 55200 | Slime:5  | Entered Level 5 of the Pits of Slime
 55243 | Slime:5  | Noticed the Royal Jelly
 55794 | Slime:5  | Gained mutation: You occasionally shout uncontrollably at
                  | your foes. [a shining eye]
 56155 | Slime:5  | Found a viscous altar of Jiyva.
 56341 | Slime:5  | Killed the Royal Jelly
 56540 | Slime:5  | Identified the amulet of the Philosopher {Faith Rampage
                  | rF++ Regen+ Stlth-}
 56544 | Slime:5  | Got a slimy rune of Zot
 57787 | Zot:3    | Noticed Vv
 57804 | Zot:3    | Killed Vv
 57906 | Zot:3    | Found a sacrificial altar of Ru.
 58019 | Zot:3    | Found a broken altar of Ashenzari.
 58602 | Zot:4    | Identified the +1 robe of Patterns {Regen+ Str+3 Dex+2
                  | Stlth-}
 58701 | Zot:4    | Reached skill level 27 in Armour
 59019 | Zot:4    | Identified the +3 arbalest of Amorality {freeze, *Slow
                  | Will+++ Str-5 Dex+8}
 59636 | Hell     | Entered the Vestibule of Hell
 59636 | Hell     | Noticed Geryon
 59660 | Hell     | Killed Geryon
 59876 | Hell     | Found a gateway to the freezing wastes of Cocytus.
 59927 | Hell     | Found a gateway to the decaying netherworld of Tartarus.
 59976 | Hell     | Found a gateway to the ashen valley of Gehenna.
 60140 | Hell     | Found a gateway to the Iron City of Dis.
 60225 | Geh:1    | Entered Level 1 of Gehenna
 60388 | Geh:1    | Reached skill level 27 in Fighting
 60731 | Depths:3 | Voluntarily entered the Abyss.
 60948 | Depths:3 | Escaped the Abyss
 61672 | Geh:2    | Found a runed translucent gate.
 61676 | Geh:2    | Found a runed translucent gate.
 61676 | Geh:2    | Found a runed translucent gate.
 61676 | Geh:2    | Found a runed translucent gate.
 61676 | Geh:2    | Found a runed translucent gate.
 61676 | Geh:2    | Found a runed translucent gate.
 61676 | Geh:2    | Found a runed translucent gate.
 61677 | Geh:2    | Found a runed translucent gate.
 61677 | Geh:2    | Found a runed translucent gate.
 61678 | Geh:2    | Found a runed translucent gate.
 61678 | Geh:2    | Found a runed translucent gate.
 61678 | Geh:2    | Found a runed translucent gate.
 62225 | Geh:2    | HP: 8/180 [spore (7)]
 62453 | Depths:3 | Voluntarily entered the Abyss.
 62592 | Abyss:5  | Noticed an ancient lich
 62600 | Abyss:5  | Killed an ancient lich
 62727 | Abyss:5  | Found a corrupted altar of Lugonu.
 62749 | Depths:3 | Escaped the Abyss
 62963 | Geh:3    | You are sucked into a shaft and drop 2 floors!
 63572 | Geh:6    | Noticed a dread lich
 63575 | Geh:6    | Killed a dread lich
 63780 | Geh:7    | Entered Level 7 of Gehenna
 64034 | Geh:7    | Noticed the Serpent of Hell
 64050 | Geh:7    | Killed the Serpent of Hell
 64385 | Geh:7    | Found the +13 sceptre of Asmodeus
 64385 | Geh:7    | Noticed Asmodeus
 64399 | Geh:7    | Killed Asmodeus
 64423 | Geh:7    | Got an obsidian rune of Zot
 64647 | Geh:7    | Identified the +1 trident of World Downfall {flame, rCorr
                  | Str+3}
 64911 | Geh:7    | Identified the staff of fire "Yssotos" {rPois rF+ Dex+3}
 64925 | Geh:7    | Identified the staff of earth "Ufag" {Will+ Str+4 Int+2}
 64927 | Geh:7    | Got the Catalogue of the Familiar and the Traveller
 64929 | Geh:7    | Identified the staff of cold "Juwakhom" {rC+ Str+4 Int+2}
 64933 | Geh:7    | Identified the staff of poison "Ceileh" {rPois Dex+5}
 65781 | Tar:1    | Entered Level 1 of Tartarus
 65788 | Tar:1    | Noticed an ancient lich
 65793 | Tar:1    | Killed an ancient lich
 66017 | Tar:1    | Reached skill level 5 in Maces & Flails
 66348 | Depths:3 | Voluntarily entered the Abyss.
 66726 | Depths:3 | Escaped the Abyss
 68536 | Tar:6    | Reached skill level 10 in Maces & Flails
 69004 | Tar:7    | Entered Level 7 of Tartarus
 69270 | Depths:3 | Voluntarily entered the Abyss.
 69492 | Abyss:5  | Reached skill level 27 in Dodging
 69497 | Depths:3 | Escaped the Abyss
 69755 | Depths:3 | Voluntarily entered the Abyss.
 69827 | Abyss:5  | Found a corrupted altar of Lugonu.
 70022 | Depths:3 | Escaped the Abyss
 70297 | Depths:3 | Voluntarily entered the Abyss.
 70297 | Abyss:5  | Found a corrupted altar of Lugonu.
 70307 | Abyss:5  | Found a corrupted altar of Lugonu.
 70474 | Abyss:5  | Reached skill level 15 in Maces & Flails
 70480 | Depths:3 | Escaped the Abyss
 70727 | Tar:1    | You are sucked into a shaft and drop 1 floor!
 70730 | Tar:2    | You are sucked into a shaft and drop 1 floor!
 70735 | Tar:3    | You are sucked into a shaft and drop 2 floors!
 71341 | Tar:7    | Got the Anthology of Putrescence and Heat
 72276 | Tar:7    | Identified the staff of fire "Lot Zath" {rF+ Will+}
 72628 | Tar:7    | Noticed Ereshkigal
 72702 | Tar:7    | Killed Ereshkigal
 73073 | Tar:7    | Got a bone rune of Zot
 74860 | Coc:1    | Entered Level 1 of Cocytus
 75790 | Coc:2    | Noticed a shard shrike
 75791 | Coc:2    | Noticed a shard shrike
 75791 | Coc:2    | Noticed a shard shrike
 75793 | Coc:2    | Killed a shard shrike
 75800 | Coc:2    | Killed a shard shrike
 75802 | Coc:2    | Killed a shard shrike
 76039 | Coc:3    | Noticed a shard shrike
 76039 | Coc:3    | Noticed a shard shrike
 76039 | Coc:3    | Noticed a shard shrike
 76048 | Coc:3    | Killed a shard shrike
 76050 | Coc:3    | Killed a shard shrike
 76053 | Coc:3    | Killed a shard shrike
 77044 | Coc:5    | Noticed a shard shrike
 77052 | Coc:5    | Noticed a shard shrike
 77053 | Coc:5    | Noticed a shard shrike
 77055 | Coc:5    | Killed a shard shrike
 77056 | Coc:5    | Noticed a shard shrike
 77059 | Coc:5    | Killed a shard shrike
 77063 | Coc:5    | Killed a shard shrike
 77067 | Coc:5    | Killed a shard shrike
 77230 | Coc:6    | Noticed a shard shrike
 77231 | Coc:6    | Noticed a shard shrike
 77231 | Coc:6    | Noticed a shard shrike
 77236 | Coc:6    | Killed a shard shrike
 77247 | Coc:6    | Killed a shard shrike
 77253 | Coc:6    | Killed a shard shrike
 77276 | Coc:6    | Noticed a shard shrike
 77322 | Coc:6    | Noticed a shard shrike
 77322 | Coc:6    | Noticed a shard shrike
 77325 | Coc:6    | Killed a shard shrike
 77325 | Coc:6    | Killed a shard shrike
 77330 | Coc:6    | Killed a shard shrike
 77344 | Coc:6    | Noticed a shard shrike
 77356 | Coc:6    | Killed a shard shrike
 77499 | Coc:6    | Noticed a shard shrike
 77510 | Coc:6    | Killed a shard shrike
 77773 | Coc:7    | Entered Level 7 of Cocytus
 77814 | Coc:7    | Reached skill level 1 in Spellcasting
 77852 | Coc:7    | Noticed a shard shrike
 77859 | Coc:7    | Killed a shard shrike
 78079 | Coc:1    | You are sucked into a shaft and drop 1 floor!
 78082 | Coc:2    | You are sucked into a shaft and drop 1 floor!
 78085 | Coc:3    | You are sucked into a shaft and drop 2 floors!
 78329 | Depths:3 | Voluntarily entered the Abyss.
 78401 | Abyss:5  | Gained mutation: Your body sometimes deteriorates upon
                  | taking damage. [a neqoxec]
 78480 | Abyss:5  | Reached skill level 5 in Spellcasting
 78618 | Depths:3 | Escaped the Abyss
 78806 | Coc:3    | You are sucked into a shaft and drop 3 floors!
 78858 | Coc:7    | Noticed a shard shrike
 79056 | Depths:3 | Voluntarily entered the Abyss.
 79099 | Abyss:5  | Found a corrupted altar of Lugonu.
 79129 | Abyss:5  | Found a corrupted altar of Lugonu.
 79407 | Depths:3 | Escaped the Abyss
 79573 | Coc:2    | You are sucked into a shaft and drop 2 floors!
 79583 | Coc:4    | You are sucked into a shaft and drop 2 floors!
 79597 | Coc:7    | Noticed a shard shrike
 79613 | Coc:7    | Killed a shard shrike
 79793 | Coc:1    | You are sucked into a shaft and drop 1 floor!
 79800 | Coc:2    | You are sucked into a shaft and drop 2 floors!
 79810 | Coc:4    | You are sucked into a shaft and drop 1 floor!
 79929 | Depths:3 | Voluntarily entered the Abyss.
 79942 | Abyss:5  | Found a corrupted altar of Lugonu.
 80293 | Abyss:5  | Reached skill level 10 in Spellcasting
 80355 | Abyss:5  | Noticed a dread lich
 80370 | Depths:3 | Escaped the Abyss
 80377 | Depths:3 | Killed a dread lich
 80651 | Coc:1    | You are sucked into a shaft and drop 1 floor!
 80666 | Coc:2    | You are sucked into a shaft and drop 2 floors!
 80677 | Coc:4    | You are sucked into a shaft and drop 1 floor!
 80890 | Coc:7    | Killed a shard shrike
 80955 | Coc:7    | Noticed a shard shrike
 81319 | Coc:7    | Noticed Antaeus
 81319 | Coc:7    | Noticed a shard shrike
 81542 | Coc:1    | You are sucked into a shaft and drop 1 floor!
 81556 | Coc:2    | You are sucked into a shaft and drop 1 floor!
 81581 | Coc:3    | You are sucked into a shaft and drop 3 floors!
 81629 | Coc:7    | Killed a shard shrike
 81848 | Depths:3 | Voluntarily entered the Abyss.
 81848 | Abyss:5  | Found a corrupted altar of Lugonu.
 81930 | Abyss:5  | Found a corrupted altar of Lugonu.
 82153 | Abyss:5  | Gained mutation: You are weak. (Str -2) [a neqoxec]
 82279 | Depths:3 | Escaped the Abyss
 82548 | Coc:1    | You are sucked into a shaft and drop 1 floor!
 82564 | Coc:2    | You are sucked into a shaft and drop 2 floors!
 82585 | Coc:4    | You are sucked into a shaft and drop 2 floors!
 82621 | Hell     | Killed Antaeus
 82955 | Depths:4 | Lost mutation: You are somewhat resistant to further
                  | mutation. [potion of mutation]
 82955 | Depths:4 | Lost mutation: You are weak. (Str -2) [potion of mutation]
 82955 | Depths:4 | Lost mutation: You possess an exceptional clarity of mind.
                  | [potion of mutation]
 82956 | Depths:4 | Lost mutation: Your body sometimes deteriorates upon taking
                  | damage. [potion of mutation]
 82956 | Depths:4 | Lost mutation: You occasionally shout uncontrollably at
                  | your foes. [potion of mutation]
 82956 | Depths:4 | Gained mutation: You have an increased reservoir of magic.
                  | (+10% MP) [potion of mutation]
 82956 | Depths:4 | Gained mutation: You expend magic power (3 MP) to
                  | strengthen your wands. [potion of mutation]
 82956 | Depths:4 | Gained mutation: You are partially covered in iridescent
                  | scales. (AC +2) [potion of mutation]
 82956 | Depths:4 | Gained mutation: Your flesh is heat resistant. (rF+)
                  | [potion of mutation]
 83214 | Pan      | Entered Pandemonium
 83336 | Pan      | Noticed Tusug the pandemonium lord
 83342 | Pan      | Killed Tusug the pandemonium lord
 84036 | Pan      | Found an exit through the horrors of the Abyss.
 84567 | Pan      | Noticed Ezupian the pandemonium lord
 84568 | Pan      | Killed Ezupian the pandemonium lord
 84797 | Pan      | Identified the +0 flail of Luadgh {flame, rF- rN++ Dex+5}
 85463 | Pan      | Identified the staff of fire "Arghibb" {rF+ Str+4 Int+4}
 85463 | Pan      | Noticed Nasoneb the pandemonium lord
 85469 | Pan      | Killed Nasoneb the pandemonium lord
 85969 | Pan      | Acquired the +2 shield of Resistance {rF++ rC++ Will++}
 85969 | Pan      | Found the +2 shield of Resistance {rF++ rC++ Will++}
 86056 | Pan      | Reached skill level 1 in Stealth
 86235 | Pan      | Noticed Aqufyhy the pandemonium lord
 86270 | Pan      | Killed Aqufyhy the pandemonium lord
 86418 | Pan      | Reached skill level 5 in Stealth
 86555 | Pan      | Gained mutation: You occasionally lose the ability to drink
                  | potions when taking damage. [a neqoxec]
 86598 | Pan      | Gained mutation: You sometimes lose the ability to drink
                  | potions when taking damage. [a neqoxec]
 86982 | Pan      | Noticed Luecax the pandemonium lord
 86994 | Pan      | Killed Luecax the pandemonium lord
 88045 | Pan      | Identified the ring "Poafiol" {rF+ rN+ Dex+3}
 88211 | Pan      | Noticed Xekapp the pandemonium lord
 88217 | Pan      | Killed Xekapp the pandemonium lord
 88218 | Pan      | Reached skill level 10 in Stealth
 89016 | Pan      | Found an exit through the horrors of the Abyss.
 89425 | Pan      | Noticed Gisann the pandemonium lord
 89572 | Pan      | Found a transporter.
 89574 | Pan      | Found a transporter.
 89590 | Pan      | Found a transporter.
 89612 | Pan      | Found a transporter.
 89776 | Pan      | Identified the +0 pair of gloves "Gymiaclop" {Fly}
 89886 | Pan      | Found a transporter.
 90029 | Pan      | Reached skill level 27 in Maces & Flails
 90317 | Pan      | Identified the +1 cloak of the Amoeba {rC+ rN+ Dex+3}
 90341 | Pan      | Identified the ring "Igavag" {rCorr Str+3 Int+6 Dex-4
                  | Stlth+}
 90565 | Pan      | Noticed Inealiy the pandemonium lord
 90571 | Pan      | Killed Inealiy the pandemonium lord
 90573 | Pan      | Killed from afar by a Brimstone Fiend

Illustrated notes

Levels and vault maps discovered:
D:1:      ncdulo_halloftheorcs, layout_basic, serial_co_window_serial,
          co_window_cross_1, co_window_paths_b, co_window_paths_a,
          co_window_of_opportunity_a, co_window_of_opportunity_a,
          co_window_of_opportunity_a, co_window_corner_a, co_window_corner_ca,
          co_window_of_opportunity_b, co_window_broadway_c, co_window_corner_b,
          co_window_broadway_a, co_window_broadway_b, co_window_4corner_a,
          co_window_paths_d, glass_columns_a, glass_columns_c, glass_columns_b
D:2:      layout_rooms, basic_altar, serial_shops,
          nicolae_shop_bloodbath_and_beyond, uniq_jessica
D:3:      layout_basic, grunt_dithmenos_smoke_and_mirrors
D:4:      corexii_shack_village, layout_basic, uniq_sigmund
D:5:      layout_basic, minmay_temple_entry_poolview, serial_shops,
          nicolae_shop_rolled_up, serial_bayou_lake_a
D:6:      layout_basic, amcnicky_altar_gilded, uniq_menkaure
D:7:      layout_loops_ring, minmay_misc_feat_iff, david_defended_altar_orc
D:8:      layout_basic, mainiacjoe_overflow_tiny_flanked,
          nicolae_shop_unique_rings, dk_noncrumbling_2, uniq_joseph, uniq_grum,
          uniq_prince_ribbit1
D:9:      nicolae_cairo_tiling, layout_rooms, grunt_gozag_breadcrumbs,
          enter_bailey_3, reono_crystal_passage
D:10:     minmay_blocky_corners, layout_rooms, david_orc_4
D:11:     layout_irregular_city, erik_lair_dragon
D:12:     layout_roguey, abandoned_shop
D:13:     layout_loops_ring, david_vaults_1, kennysheep_cluttered_room,
          led_sif_book
D:14:     layout_loops_cross, kennysheep_crisscross, vehumet_altar_wand_db
D:15:     gammafunk_depths_entry_grave, layout_cave_pools, ebering_ghost_xom,
          wad_floor_pattern_2, nicolae_trove_entry_columns
Temple:   mainiacjoe_temple_bowtie_tessellation
Lair:1:   layout_roguey [special_room_bee]
Lair:2:   layout_roguey, chequers_serial_rivers_micro_d
Lair:3:   hellmonk_destroyed_diamonds, layout_cellular_growth, swamp_mist,
          guppyfry_snake_entry_island, gauntlet_entry_generic, special_room
          [special_room_mythical_zoo], st_stairs_3, cheibrodos_lair_reptile_den
Lair:4:   nzn_winding_woodlands_three_and_one
          [nzn_winding_woodlands_5x15_sawtooth,
          nzn_winding_woodlands_5x15_zeroes, nzn_winding_woodlands_5x15_eye,
          nzn_winding_woodlands_center_lodge], layout_regular_city,
          eino_small_chamber_without_monster, uniq_nessos
Lair:5:   hangedman_lair_in_review, layout_cellular_growth,
          minmay_slime_entry_jelly_boxes
Swamp:1:  layout_basic_swamp, nicolae_swamp_tree_designs,
          infiniplex_staircase_pool_2
Swamp:2:  layout_basic_swamp, evilmike_swamp_ruin_house_1, swamp_pool2,
          nicolae_swamp_soggy_hallways, infiniplex_staircase_pool
Swamp:3:  layout_basic_swamp, evilmike_swamp_ruin_house_4, swamp_pool4,
          uniq_louise, uniq_jorgrun
Swamp:4:  swamp_basic_johnstein, layout_basic_swamp, uniq_roxanne
Snake:1:  layout_layer_cave, minmay_shop_grove, grunt_megastairs_3, uniq_agnes,
          uniq_rupert, uniq_josephine
Snake:2:  layout_chambers, serial_shops, nicolae_square_shop, st_stairs_14,
          hangedman_snake_pattern
Snake:3:  layout_gridlike, uniq_aizul
Snake:4:  snake_pit_salamanders_mu, layout_cave_town, uniq_saint_roka
Slime:1:  layout_caves
Slime:2:  layout_caves
Slime:3:  cheibrodos_slime_lost_civilization_8, layout_caves
Slime:4:  layout_caves
Slime:5
Orc:1:    layout_diamond_mine, serial_shops, shop
Orc:2:    grunt_orc_gardens, layout_diamond_mine, grunt_orc_garden,
          grunt_orc_garden, grunt_orc_garden, grunt_orc_garden
Elf:1:    nicolae_elf_arrival_no_cutting_in_line, layout_geoelf_octagon,
          minmay_elf_sorcery, nicolae_wooded_promenade
Elf:2:    elven_hall_of_blades_hangedman_alternative
          [nicolae_blade_entry_splitting_headache], layout_gridlike,
          amcnicky_mini_rare_corridor_liquid, grunt_megastairs_1
Elf:3:    elf_hall, layout_loops_ring
Vaults:1: ebering_ghost_rock_garden, nicolae_vaults_variable_pillar_hall_cross,
          v_alt_pattern_5, nicolae_vaults_offset_grid_hallway_1,
          vaults_dpeg_spiral, vaults_room_fancy_cross, hangedman_vaults_slice,
          v_pattern_2, v_misc_27, vaults_room_grunt_arrival_ludios,
          nicolae_vaults_network_quincunx
          [nicolae_vaults_network_quincunx_subvault,
          nicolae_vaults_network_quincunx_subvault,
          nicolae_vaults_network_quincunx_subvault,
          nicolae_vaults_network_quincunx_subvault,
          nicolae_vaults_network_quincunx_subvault],
          nicolae_vaults_lightning_bolt, vaults_room_hallway,
          nicolae_vaults_layer_cake_slice, nicolae_vaults_diamond_1,
          vaults_room_pools, layout_vaults_maze, serial_shops, shop, shop,
          nicolae_shop_behind_doors, nicolae_square_shop
Vaults:2: vaults_room_semicircle, nicolae_vaults_shelves_hall,
          nicolae_vaults_storage_room_doors,
          nicolae_vaults_trapezoid_lopsided_1, v_misc_27, vaults_room_pools,
          nicolae_vaults_rhombus_5, nicolae_vaults_quadrants,
          nicolae_vaults_trapezoid_1, nicolae_vaults_more_shelving_1,
          minmay_crypt_entry_simple_walls, hangedman_vaults_trim,
          nicolae_vaults_heart-shaped_vault, ontoclasm_vaults_misaligned,
          v_alt_pattern_6, v_misc_13, vaults_room_corners,
          vaults_room_large_hall, grunt_vaults_focal, layout_vaults_omnibox,
          uniq_mennas
Vaults:3: nicolae_vaults_cornered_office, grunt_vaults_trifunnel,
          nicolae_vaults_little_squares_4, nicolae_vaults_diamond_2,
          nicolae_vaults_double_plus_1, nicolae_vaults_border_crossing,
          v_pattern_4, vaults_mumra_lcd, v_rooms_1,
          nicolae_vaults_surprise_closet, nicolae_vaults_little_squares_6,
          nicolae_vaults_apartment_1, layout_vaults_omnicross, serial_shops,
          nicolae_shop_overgrown_old_shop, uniq_margery
Vaults:4: mu_enter_wizlab_1, vaults_mumra_bighexcomb, v_misc_5,
          dpeg_vaults_monster_box, hangedman_vaults_snaps, v_misc_11,
          nicolae_vaults_more_shelving_2, layout_vaults_quadrants
Vaults:5: serial_shops
Crypt:1:  layout_chaotic_city, serial_sigils_hangedman_etch, eino_tiny_chamber,
          nicolae_crypt_small_crypt, st_vampire_maze
Crypt:2:  layout_rooms, gammafunk_ghost_split, lemuel_upstairs_altar
Crypt:3:  due_elkab, layout_chaotic_city
Tomb:1
Depths:1: layout_roguey, rand_demon_pan_entry_3, hell_entry,
          chequers_serial_rivers_micro_b, drop_trap, grunt_decor_resistance,
          nicolae_yredelemnul_corpse_copse
Depths:2: minmay_slanted_spiral_squares, layout_gridville,
          kennysheep_another_room, pan_entry, hellmouth_3, serial_shops,
          nicolae_shop_rolling_square, kennysheep_generic_room_15
Depths:3: minmay_glassy_protrusions, layout_basic, enter_ziggurat_b,
          grunt_pan_entry_sceptre, hell_entry, abyss_entry, uniq_sojobo
Depths:4: grunt_zot_entry_alcove, layout_honeycomb, corexii_corridor_pit,
          hell_entry, abyss_entry, nicolae_elemental_shop,
          minmay_hollow_rounded_squares, minmay_shop_star, grunt_megastairs_4
Hell
Geh:1:    nicolae_geh_lava_swirls, layout_gehenna_lava_caves
Geh:2:    layout_gehenna_pools_triple, nicolae_geh_backdraft
Geh:3:    layout_gehenna_pools_box
Geh:5:    nicolae_geh_gridlava [nicolae_sub_geh_gridintersect,
          nicolae_sub_geh_gridintersect, nicolae_sub_geh_gridintersect,
          nicolae_sub_geh_gridintersect], layout_gehenna_pools_basic,
          nicolae_geh_gnashing_of_teeth
Geh:6:    layout_gehenna_pools_box
Geh:7:    evilmike_geh
Coc:1:    nicolae_coc_three_mouths, layout_cocytus_water_paths
Coc:2:    layout_cocytus_water_paths
Coc:3:    layout_ice_bergs
Coc:4:    layout_cocytus_water_paths
Coc:5:    layout_ice_bergs
Coc:6:    nicolae_coc_through_the_icewall, layout_ice_bergs
Coc:7:    coc_dpeg
Tar:1:    layout_honeycomb
Tar:2:    layout_cathedral_of_symmetry
Tar:3:    layout_grid_maze
Tar:4:    layout_grid_maze
Tar:5:    layout_grid_maze
Tar:6:    nicolae_tar_tart_auras, layout_cathedral_of_symmetry
Tar:7:    tar_mu [tar_mu_maze]
Zot:1:    layout_basic, gammafunk_ghost_mausoleum, lemuel_golem_globe
Zot:2:    layout_onion_interference, nrook_zot_tub
Zot:3:    layout_misc_corridors, st_stairs_4, hangedman_feature_mirror,
          skrybe_zot_glass_3, uniq_vv
Zot:4:    lemuel_halls_of_wrath, layout_cathedral_of_symmetry
Pan:      rand_demon_1, layout_small_grid, pan_blood_fountain,
          reaverb_pan_figure_eight, rand_demon_4, layout_basic,
          pan_blood_fountain_small, rand_demon_4, layout_stronghold,
          nicolae_pan_lom_lobonic_4, evilmike_mini_pan_corridor,
          layout_grid_shapes, pan_blood_fountain_small,
          nicolae_pan_gloorx_vloqian_3, nicolae_pan_hourglass,
          layout_pan_divisions_a [pan_division_quadrant_a3,
          pan_division_quadrant_a1, pan_division_quadrant_a3,
          pan_division_quadrant_a4, pan_division_octagon_rings],
          nicolae_pan_sigil_eeng, rand_demon_2, layout_stronghold,
          pan_disco_hall, layout_gridlike, gammafunk_the_bubble
          [the_bubble_gammafunk_roulette], layout_grid_shapes,
          evilmike_mini_pan_3x3, layout_small_grid

Skill      XL: |  1  2  3  4  5  6  7  8  9 10 11 12 13 14 15 16 17 18 19 20 21 22 23 24 25 26 27 |
---------------+----------------------------------------------------------------------------------+-----
Armour         | 4 5 6 7 8 10 12 13 14 15 16 17 18 19 20 21 22 27 | 27.0
Fighting       | 4 5 6 7 8 10 11 13 14 15 16 17 18 19 20 21 22 27 | 27.0
Maces & Flails | 3 4 27 | 27.0
Axes           | 1 2 4 6 8 9 12 15 17 18 19 20 21 22 23 24 25 27 | 27.0
Dodging        | 2 5 6 8 9 10 11 12 13 14 15 16 27 | 27.0
Shields        | 5 8 10 12 14 17 19 21 22 23 24 27 | 27.0
Spellcasting   | 14 | 14.7
Stealth        | 14 | 14.7

Action                     |  1- 3 |  4- 6 |  7- 9 | 10-12 | 13-15 | 16-18 | 19-21 | 22-24 | 25-27 || total
---------------------------+-------+-------+-------+-------+-------+-------+-------+-------+-------++-------
  Melee: Flail             |    90 |    12 |       |     8 |       |       |       |       |       ||   110
         Whip              |       |   106 |   335 |   379 |       |       |       |       |       ||   820
         Executioner's axe |       |       |       |   279 |   641 |   814 |  1015 |  1096 |  4981 ||  8826
         Great mace        |       |       |       |       |       |       |       |       |  2151 ||  2151
 Invoke: Serpent's Lash    |       |       |       |       |     7 |     6 |    10 |     4 |    50 ||    77
         Heavenly Storm    |       |       |       |       |       |     1 |     1 |     2 |     8 ||    12
Ability: Lunge             |       |       |    16 |    36 |    62 |   103 |   133 |    89 |   789 ||  1228
         Dig               |       |       |     1 |       |     1 |     1 |     3 |       |     4 ||    10
         Whirlwind         |       |       |    10 |    63 |   195 |   138 |   190 |   230 |   984 ||  1810
         Shaft Self        |       |       |       |     1 |       |       |       |       |    21 ||    22
         Wall Jump         |       |       |       |       |     3 |       |     1 |       |     3 ||     7
    Use: Potion            |       |       |     1 |     1 |     7 |     4 |     1 |     1 |    24 ||    39
         Scroll            |       |       |       |    15 |     1 |    11 |     8 |       |    19 ||    54
   Stab: Sleeping          |       |       |       |       |     1 |       |       |       |    21 ||    22
         Distracted        |       |       |       |       |       |       |     1 |       |    26 ||    27
         Paralysed         |       |       |       |       |       |       |       |       |     3 ||     3
 Armour: Scale mail        |    47 |    14 |    41 |   340 |   287 |       |       |       |   476 ||  1205
         Chain mail        |       |    50 |    91 |       |       |   125 |   356 |   278 |    76 ||   976
         Plate armour      |       |       |       |       |    18 |   274 |       |       |       ||   292
         Gold dragon scale |       |       |       |       |       |       |       |       |   667 ||   667
         Storm dragon scal |       |       |       |       |       |       |       |       |    77 ||    77
  Dodge: Dodged            |    39 |    55 |    95 |   299 |   239 |   326 |   408 |   306 |  2396 ||  4163
  Block: Buckler           |    31 |    33 |    57 |   178 |   108 |   245 |   132 |       |       ||   784
         Kite shield       |       |       |       |       |       |       |   450 |   789 |  4260 ||  5499
